 Dungeon Crawl Stone Soup version 0.24-a0-416-g56ce5178b7 (webtiles) character file.

Game seed: 12769519361249783767

22 KristoblXynda the Ruffian (level 2, -2/23 HPs)
             Began as a Draconian Transmuter on June 8, 2019.
             Slain by an adder (4 damage)
             ... on level 2 of the Dungeon.
             The game lasted 00:01:03 (1032 turns).

KristoblXynda the Ruffian (Draconian Transmuter)    Turns: 1032, Time: 00:01:04

Health: -2/23      AC:  4    Str: 12    XL:     2   Next: 68%
Magic:  4/5        EV: 12    Int: 13    God:
Gold:   57         SH:  0    Dex: 11    Spells: 4/5 levels left

rFire    . . .     SeeInvis .     - Unarmed
rCold    . . .     Gourm    .   (no shield)
rNeg     . . .     Faith    .   (armour unavailable)
rPois    .         Spirit   .   (helmet restricted)
rElec    .         Reflect  .   (no cloak)
rCorr    .         Harm     .   (no gloves)
MR       .....                  (boots currently unavailable)
Stlth    +.........             (no amulet)
HPRegen  0.07/turn              (no ring)
MPRegen  0.09/turn              (no ring)

@: lethally poisoned (-2 -> -14), appendage (expiring), slowed, very slow
A: unfitting armour, talons 3, cold-blooded, AC +4
a: End Transformation


You were on level 2 of the Dungeon.
You were not hungry.
You had grown temporary talons.
You visited 1 branch of the dungeon, and saw 2 of its levels.

You collected 57 gold pieces.

Inventory:

Missiles
 a - 12 arrows
Scrolls
 b - 3 scrolls of teleportation {unknown}
 f - a scroll of noise {unknown}
 h - a scroll of identify {unknown}
Potions
 d - a potion of cancellation {unknown}
 e - a potion of curing {unknown}
Comestibles
 c - 2 rations


   Skills:
 - Level 1.1 Fighting
 + Level 2.1 Dodging
 * Level 3.5 Unarmed Combat
 - Level 2.0 Spellcasting
 + Level 2.3 Transmutations


You had 4 spell levels left.
You knew the following spells:

 Your Spells              Type           Power        Failure   Level  Hunger
a - Beastly Appendage     Tmut           #.....       10%         1    ##.....

Your spell library contained the following spells:

 Spells                   Type           Power        Failure   Level  Hunger
 Sticks to Snakes         Tmut           #.......     14%         2    ###....
 Spider Form              Tmut/Pois      #.........   43%         3    ####...
 Ice Form                 Ice/Tmut       #.......     83%         4    #####..
 Blade Hands              Tmut           #.........   95%         5    ######.


Dungeon Overview and Level Annotations

Branches:
Dungeon (2/15)

Altars:

Annotations:
D:2 Jessica


Innate Abilities, Weirdness & Mutations

Your plain brown scales are hard. (AC +4)
You cannot fit into any form of body armour.
You are cold-blooded and may be slowed by cold attacks.
You have claws for feet.


Message History

Jessica gestures wildly while chanting.
Jessica blinks!
The adder bites you.
You hit the adder.
The adder is severely wounded.
You feel sick. The adder completely misses you.
The adder bites you but does no damage.
Unknown command.
You barely miss the adder.
The adder is severely wounded.
You feel sick. The adder bites you.
You are more poisoned.
The adder poisons you! The adder closely misses you.
Unknown command.
You barely miss the adder.
The adder is severely wounded.
* * * LOW HITPOINT WARNING * * *
You feel sick. The adder bites you.
* * * LOW HITPOINT WARNING * * *
The adder bites you.
You die...

...#...#.###.......##
.#..!....+.............
..(##....#.............
#.......#..<..........
#+#.....................
.............##.........
..................#.....
..................# ..##
......S@............ #..
..................... .
....#+##..)............
... ..!#............ .
.....##..........
....... ..... ........
... .........


You could see an adder.

Vanquished Creatures
  An adder (D:1)
  A bat (D:1)
  A giant cockroach (D:1)
  A goblin (D:1)
  3 hobgoblins (D:1)
  2 kobolds (D:1)
  4 rats (D:1)
13 creatures vanquished.

Notes
Turn   | Place    | Note
-------+----------+-------------------------------------------
     0 | D:1      | KristoblXynda the Draconian Transmuter began the quest for
                  | the Orb.
     0 | D:1      | Reached XP level 1. HP: 16/16 MP: 3/3
   285 | D:1      | Reached XP level 2. HP: 21/23 MP: 3/5
  1024 | D:2      | Noticed Jessica
  1032 | D:2      | Slain by an adder

Levels and vault maps discovered:
D:1:      wander_arrival_desolate, layout_loops_ring
D:2:      layout_basic, uniq_jessica

Skill      XL: |  1 |
---------------+----+-----
Dodging        | 2 |  2.1
Fighting       | |  1.1
Unarmed Combat | |  3.5
Spellcasting   | |  2.0
Transmutations | |  2.3

Action                   || total
-------------------------++-------
Melee: Unarmed           ||    51
       Tailslap          ||     6
       Punch             ||     1
       Kick              ||     2
       Headbutt          ||     1
 Cast: Beastly Appendage ||     3
Armor: Skin              ||    23
Dodge: Dodged            ||    47

Table legend:
 A = Non-vault XP
 B = Vault XP
 C = Vault XP percentage of total XP
 D = Non-vault monster count
 E = Vault monster count
 F = Vault count percentage of total count
                 A         B        C        D         E       F
            +---------+---------+-------+---------+---------+-------
      Total |      32 |       0 |   0.0 |      13 |       0 |   0.0
            +---------+---------+-------+---------+---------+-------
        D:1 |      32 |       0 |   0.0 |      13 |       0 |   0.0
            +---------+---------+-------+---------+---------+-------
